[Event "Danish-ch Masters 2022"]
[Site "Svendborg"]
[Date "2022.04.11"]
[Round "3.1"]
[White "Thybo, Jesper Sondergaard"]
[Black "Bjerre, Jonas Buhl"]
[Result "1-0"]
[ECO "A33"]
[WhiteElo "2592"]
[BlackElo "2586"]
[Annotator "TA"]
[PlyCount "79"]
[EventDate "2022.04.10"]
[EventType "tourn"]
[EventCountry "DEN"]
[SourceTitle "playchess.com"]
[Source "ChessBase"]
[SourceQuality "1"]
[TimeControl "40/5400+30:1800+30"]

1. Nf3 c5 2. c4 Nc6 3. d4 cxd4 4. Nxd4 Nf6 5. Nc3 e6 6. Nxc6 bxc6 7. e4 e5 {[%emt 0:04:39] B44: Sicilian: Taimanov: 5 Nb5.} 8. Qd3 $5 {[%emt 0:02:32][%mdl 4] A promising side line.} Bc5 9. Be3 {[%emt 0:03:43] [#]} Qb6 $146 {[%emt 0:04:43] The position is equal.} ({Predecessor:} 9... Qe7 10. Be2 O-O 11. O-O Bxe3 12. Qxe3 d6 13. Rfd1 Be6 14. b4 Rfd8 15. Rab1 h6 {0-1 (41) Haug,J (2252)-Hardicsay,P (2254) Heviz 2015}) 10. Bxc5 Qxc5 11. Be2 O-O 12. O-O Rd8 13. Rfd1 Rb8 14. a3 Qe7 (14... Rxb2 $2 15. Na4 Qd4 16. Qxd4 exd4 17. Nxb2 $18) 15. b4 a5 16. b5 $1 cxb5 17. cxb5 Bb7 18. a4 Qb4 19. Nd5 ({White should play} 19. Rac1 $14) 19... Bxd5 $11 20. exd5 Rdc8 21. d6 Rc3 (21... Ne4 $5 ) 22. Qf5 e4 23. Qf4 Rbc8 24. Bf1 h5 (24... R3c5 $11 {feels stronger.}) 25. h3 (25. Qd2 $1 $14 {should be considered.}) 25... Qc5 26. Rab1 {[%emt 0:02:58] Black must now prevent b6.} Qb6 27. Re1 Qd4 $2 {[%emt 0:01:26] This move loses the game for Black.} (27... Rc2 $11 {and Black has nothing to worry.}) 28. b6 $18 {[%emt 0:02:12][%cal Bb5b6,Bb6b7][%mdl 32] Threatens to win with Red1.} Rb8 29. b7 Rc6 (29... Qa7 $142) 30. Rec1 Rxc1 31. Qxc1 {[%emt 0:00:20] Strongly threatening Qc8+.} Qxd6 32. Qc3 (32. Qc8+ $142 Kh7 33. Rb5) 32... Qc6 $2 (32... e3 33. fxe3 Ne4 34. Qc8+ (34. Qxa5 Qg3 $14) 34... Kh7) 33. Qxa5 d5 34. Qa7 Nd7 35. a5 Qc2 36. Rb5 Qd2 37. a6 d4 {[%emt 0:00:08] [#]} 38. Qxb8+ $3 Nxb8 39. a7 Qf4 {[%emt 0:00:09] [#]} 40. Rf5 $3 {[%emt 0:01:13][%mdl 576] Promotion.  Weighted Error Value: White=0.12 (very precise) /Black=0.53} 1-0

[Event "Danish-ch Masters 2022"]
[Site "Svendborg"]
[Date "2022.04.11"]
[Round "3.2"]
[White "Olsen, Filip Boe"]
[Black "Haubro, Martin"]
[Result "0-1"]
[ECO "E46"]
[WhiteElo "2386"]
[BlackElo "2399"]
[Annotator "TA"]
[PlyCount "106"]
[EventDate "2022.04.10"]
[EventType "tourn"]
[EventCountry "DEN"]
[SourceTitle "playchess.com"]
[Source "ChessBase"]
[SourceQuality "1"]
[TimeControl "40/5400+30:1800+30"]

1. d4 Nf6 2. c4 e6 3. Nc3 Bb4 4. e3 O-O 5. Bd2 d5 6. Nf3 b6 7. Rc1 {[%emt 0:01:12] E51: Nimzo-Indian: Rubinstein: 4...0-0 5 Nf3 d5.} a6 8. cxd5 exd5 9. Bd3 {[%emt 0:00:13] The position is equal.} Bb7 10. Ne5 Bd6 11. O-O c5 12. f4 Ne4 13. Be1 Nd7 {[%emt 0:11:12] [#]} 14. Bb1 $146 ({Predecessor:} 14. Nxe4 dxe4 15. Bc4 cxd4 16. exd4 Rc8 17. Qh5 Qe8 18. Rc3 b5 19. Qxh7+ Kxh7 20. Rh3+ Kg8 21. Ng6 {1-0 (21) Dragun,K (2561)-Schmakel,S (2435) chess24.com INT 2020}) 14... Ndf6 15. Bh4 Re8 ({Black should play} 15... cxd4 $14 16. Nxe4 dxe4) 16. Nxe4 dxe4 17. Qb3 Re7 18. Nc4 (18. Rcd1 $16 Bd5 19. Qc2) 18... cxd4 $14 19. Qxb6 ({Reject} 19. Nxb6 Rb8 20. Bxf6 (20. exd4 Bc7 $11) 20... gxf6 21. exd4 e3 $15) (19. Bxf6 $14 {stays ahead.} gxf6 20. exd4 (20. Nxb6 Rb8 $15)) 19... Qxb6 $17 20. Nxb6 Rd8 21. exd4 Bc7 (21... e3 {feels hotter.} 22. Bd3 Bb8 23. Be2 Rxd4 24. Nc4 Bxf4 25. Bxf6 gxf6 26. g3 Rd2) 22. Nc4 Rxd4 23. Bf2 Rd5 24. Ne5 (24. g3 $11) 24... Bxe5 25. fxe5 Rdxe5 26. Bd4 Rd5 27. Be3 h6 28. b4 Ng4 29. Bc5 Re8 $36 {[%emt 0:00:04][%mdl 2048] White must now prevent ...e3. Black is more active.} 30. h3 Nf6 31. Be3 Rd7 32. Bc2 Bc6 {[%emt 0:00:21] Against Ba4} 33. Bb3 {[%emt 0:01:31] A strong pair of Bishops.} Bb5 34. Rfe1 Nd5 35. Bc5 (35. Bd2 $15) 35... Nf4 36. Rc2 Nd3 {[%emt 0:01:00] &Nero is more active.} 37. Re3 Nxc5 ({Better is} 37... Kh7 $1 38. g4 g6) 38. Rxc5 g6 39. a4 Bd3 40. Bd5 Rd6 41. b5 (41. Bc6 $17 Re7 42. Re1) 41... axb5 42. axb5 {[%emt 0:02:14] [#]} Kg7 $1 {[%emt 0:01:16] aiming for ...Re5.} 43. Bc6 Rc8 44. g4 $2 {[%emt 0:02:26] [#] Prevents f5.} (44. Re1 $17 {was worth a try.}) 44... Bxb5 $1 $19 45. Rxb5 Rcxc6 ({And not} 45... Rdxc6 46. Rxe4 Rc1+ 47. Kf2 $19) 46. Rxe4 {[%emt 0:00:28][%mdl 4096] Endgame KRR-KRR} Rd3 {[%emt 0:00:43] Strongly threatening ...Rc2.} 47. h4 (47. Rf4 $142) 47... Rc2 {[%emt 0:00:14] ( -> ...Rd1+)} 48. Rb1 {[%emt 0:01:32] [#] Prevents Rd1+.} (48. Rf4) 48... Rg3+ $1 {[%emt 0:00:44] Black is clearly winning.} 49. Kh1 (49. Kf1 $142 Rh3 50. Kg1) 49... Rh3+ 50. Kg1 Rxh4 51. Rbe1 h5 52. gxh5 Rxh5 {[%emt 0:00:05] Hoping for ...Rhh2.} 53. Rf4 Ra5 {[%emt 0:00:43] Weighted Error Value: White=0.43/Black=0.08 (flawless)} 0-1

[Event "Danish-ch Masters 2022"]
[Site "Svendborg"]
[Date "2022.04.11"]
[Round "3.3"]
[White "Borge, Nikolaj"]
[Black "Ochsner, Bjorn Moller"]
[Result "1-0"]
[ECO "B89"]
[WhiteElo "2392"]
[BlackElo "2496"]
[Annotator "TA"]
[PlyCount "75"]
[EventDate "2022.04.10"]
[EventType "tourn"]
[EventCountry "DEN"]
[SourceTitle "playchess.com"]
[Source "ChessBase"]
[SourceQuality "1"]
[TimeControl "40/5400+30:1800+30"]

1. e4 c5 2. Nf3 d6 3. d4 cxd4 4. Nxd4 Nf6 5. Nc3 Nc6 6. Bc4 e6 7. Be3 Be7 8. Qe2 a6 9. O-O-O Qc7 10. Bb3 O-O 11. Rhg1 b5 12. g4 $1 Na5 {[%emt 0:02:32] White must now prevent ...b4. is the legacy move (12...b4). B89: Sicilian: Velimirovic Attack.} 13. g5 Nd7 (13... Nxb3+ $11 14. Nxb3 Nd7) 14. Bd5 $1 $16 {[%emt 0:20:24] And now g6 would win. &Bianco is much more active. The black rooks are badly placed.} b4 $2 (14... Nb6 $16 {might work better.}) 15. Nxe6 $1 $18 {[%emt 0:19:32] [#]} ({Inferior is} 15. Bxa8 bxc3 16. b4 Qb8 $1 $15) 15... Qb8 $146 {[%emt 0:02:50] [#]} (15... fxe6 $142 16. Bxe6+ Kh8) ({Predecessor:} 15... fxe6 16. Bxe6+ Kh8 17. Nd5 Qd8 18. g6 Ne5 19. Qh5 Nxg6 20. Rxg6 Qe8 21. Rdg1 Bxe6 {1-0 (28) Ligterink,G-Dieks,R Wijk aan Zee 1975}) 16. Nxf8 (16. Bd4 $142 $1) 16... bxc3 17. b4 {[%emt 0:03:02][%cal Oe2h5] White threatens Qh5! and mate.} (17. bxc3 Bxf8 18. Bxa8 Qxa8 $14) 17... Nxf8 (17... Bxf8 {was called for.} 18. Bxa8 Qxa8 19. bxa5 Qb7) 18. Bxa8 Qxa8 19. bxa5 Qxe4 20. Rd4 Qb7 21. Qd3 Qb2+ 22. Kd1 d5 23. Bc1 ({Less strong is} 23. Rxd5 Qb1+ 24. Bc1 Be6 $18) 23... Qa1 24. Rxd5 ({Not} 24. Ke2 Bd7 25. Rxd5 Qxa2 26. Rxd7 Qe6+ 27. Kf3 Nxd7 $18) 24... Be6 (24... g6 $142 25. Ke2 Qxa2) 25. Rd4 Ba3 {[%emt 0:00:39] [#]} 26. Ke2 $1 Bc5 {[%emt 0:01:14] [#]} (26... Be7 27. Rd1) 27. Rc4 $1 Ba3 {[%emt 0:01:53] [#]} 28. Bxa3 $1 Qxg1 29. Rxc3 Bg4+ 30. f3 Qxh2+ 31. Kd1 Qg1+ 32. Kd2 Be6 33. Qd8 Qf2+ 34. Kc1 Qf1+ 35. Qd1 Qb5 36. Qd6 Qf1+ 37. Kb2 Qb5+ {[%emt 0:00:39] [#]} 38. Rb3 $1 {[%emt 0:00:14] Black got outplayed after the opening.  Weighted Error Value: White=0.13 (very precise) /Black=0.66} 1-0

[Event "Danish-ch Masters 2022"]
[Site "Svendborg"]
[Date "2022.04.11"]
[Round "3.4"]
[White "Sylvan, Jacob"]
[Black "Hoi, Carsten"]
[Result "1/2-1/2"]
[ECO "C11"]
[WhiteElo "2312"]
[BlackElo "2343"]
[Annotator "RC"]
[PlyCount "81"]
[EventDate "2022.04.10"]
[EventType "tourn"]
[EventCountry "DEN"]
[SourceTitle "playchess.com"]
[Source "ChessBase"]
[SourceQuality "1"]
[TimeControl "40/5400+30:1800+30"]

1. e4 e6 2. d4 d5 3. Nc3 Nf6 4. e5 Nfd7 5. f4 c5 6. Nf3 Nc6 7. Be3 a6 8. Qd2 b5 9. dxc5 Bxc5 10. Bd3 d4 11. Nxd4 Nxd4 12. Ne4 Bb7 13. O-O-O O-O 14. Nxc5 Nxc5 15. Bxd4 Nxd3+ 16. Qxd3 Qd5 17. Kb1 Qxg2 18. Rhg1 Qf3 19. f5 Qxd3 20. cxd3 Rfd8 21. Bc3 a5 22. f6 g6 23. b4 a4 24. a3 Kf8 25. Rd2 Ke8 26. Bb2 Be4 27. Rgd1 Bf5 28. Ka1 Rac8 29. Rc1 Rxc1+ 30. Bxc1 Rc8 31. Bb2 g5 32. Bd4 Rd8 33. Be3 g4 34. d4 Be4 35. Kb2 Kd7 36. Rd1 Rc8 37. Rd2 h5 38. Bf2 Kc6 39. d5+ Bxd5 40. Rc2+ Bc4 41. Rd2 1/2-1/2

[Event "Danish-ch Masters 2022"]
[Site "Svendborg"]
[Date "2022.04.11"]
[Round "3.5"]
[White "Schandorff, Lars"]
[Black "Percivaldi, Martin"]
[Result "1-0"]
[ECO "A06"]
[WhiteElo "2469"]
[BlackElo "2389"]
[Annotator "TA"]
[PlyCount "75"]
[EventDate "2022.04.10"]
[EventType "tourn"]
[EventCountry "DEN"]
[SourceTitle "playchess.com"]
[Source "ChessBase"]
[SourceQuality "1"]
[TimeControl "40/5400+30:1800+30"]

1. Nf3 d5 2. e3 Nf6 3. c4 e6 4. Nc3 Be7 5. b3 O-O 6. Bb2 b6 7. cxd5 exd5 8. d4 Bb7 9. Bd3 Nbd7 10. O-O a6 11. Qc2 {[%emt 0:03:42] E14: Queen's Indian: Classical Variation (4 e3).} (11. Ne5 {with more complications.} Bd6 12. f4 Ne4 13. Rf3) 11... Bd6 12. Rac1 Re8 {[%emt 0:02:48] is currently scoring better than 12...Qe7.} 13. Ne2 {[%emt 0:07:00] [#] The position is equal.} c6 $146 ({Predecessor:} 13... Ne4 14. Ne5 Bxe5 15. dxe5 Ndc5 16. Rfd1 Nxd3 17. Rxd3 Nc5 18. Rd2 Qg5 19. Nf4 Rac8 20. Nxd5 {1-0 (29) Le,Q (2709)-Hera,I (2611) Chess.com INT 2020}) 14. Bf5 Qe7 15. Rfd1 Rad8 16. Nc3 g6 17. Bh3 h5 18. Re1 c5 19. Rcd1 c4 20. bxc4 dxc4 21. e4 {[%emt 0:00:20] Strongly threatening e5.} Bxe4 (21... Bb4 $11) 22. Nxe4 $18 Nxe4 23. Nd2 $1 Ndf6 {[%emt 0:05:46] [#]} 24. Nxe4 $1 Nxe4 25. f3 Bxh2+ 26. Kxh2 Qc7+ 27. Kg1 Ng5 {[%emt 0:00:14][%cal Og5f3] [#]} 28. Qf2 c3 29. Bc1 Nxh3+ 30. gxh3 Qc4 ({Better is} 30... Rxe1+ $1 $14 31. Rxe1 Qc4) 31. Re4 ({Inferior is} 31. Rxe8+ Rxe8 32. Re1 Rxe1+ 33. Qxe1 Qxd4+ 34. Qe3 Qb4 $11) 31... f5 $2 (31... b5 $16) 32. Re3 c2 $2 (32... Kf7 33. d5 Rxd5 34. Rxd5 Qxd5) 33. Rd2 Rxe3 34. Qxe3 Qxa2 (34... Kf7 $18 35. Qh6 Rg8) 35. d5 {[%emt 0:00:36] White mates.} Qb1 36. Qe6+ Kh7 37. Qe7+ Kh6 38. Rd1+ {[%emt 0:01:14] Weighted Error Value: White=0.09 (flawless) /Black=0.62} 1-0

[Event "Danish-ch Masters 2022"]
[Site "Svendborg"]
[Date "2022.04.12"]
[Round "4.2"]
[White "Haubro, Martin"]
[Black "Borge, Nikolaj"]
[Result "1-0"]
[ECO "C80"]
[WhiteElo "2399"]
[BlackElo "2392"]
[Annotator "TA"]
[PlyCount "103"]
[EventDate "2022.04.10"]
[EventType "tourn"]
[EventCountry "DEN"]
[SourceTitle "playchess.com"]
[Source "ChessBase"]
[SourceQuality "1"]
[TimeControl "40/5400+30:1800+30"]

1. e4 {[%emt 0:00:04] Mikhalevski,V} e5 2. Nf3 Nc6 3. Bb5 a6 4. Ba4 Nf6 5. O-O Nxe4 6. d4 b5 7. Bb3 d5 8. dxe5 Be6 9. Nbd2 Be7 10. c3 Nc5 11. Bc2 d4 12. cxd4 Nxd4 13. Nxd4 Qxd4 14. Nf3 {[%emt 0:02:41] C83: Open Ruy Lopez: 9 c3 Be7.} Qxd1 15. Rxd1 Bg4 16. Be3 {[%emt 0:07:11] White is slightly better.} O-O 17. h3 Bxf3 18. gxf3 Rfd8 19. f4 $36 {[%emt 0:00:51][%mdl 2048] [#] White has strong initiative.} a5 $146 ({Predecessor:} 19... g6 20. Kg2 Na4 21. Rxd8+ Rxd8 22. Bxa4 bxa4 23. Rc1 c5 24. Rc4 a3 25. b3 Kf8 {1-0 (43) Leko,P (2701)-Khalifman,A (2628) Budapest 2000 CBM 075 [Mikhalevski,V]}) 20. Rac1 Na6 21. Bd3 Rab8 22. Be2 {[%emt 0:03:34] &Bianco is more active.} Rxd1+ 23. Rxd1 a4 ({Black should try} 23... Nb4) 24. a3 Kf8 25. f5 f6 (25... Bc5 $142 26. Bxc5+ Nxc5) 26. e6 $18 c6 $2 (26... Bd6 27. Rd5 Ke7) 27. Bf3 Rc8 (27... Rd8 {keeps fighting.} 28. Rxd8+ Bxd8 29. Bxc6 Nc7) 28. Rd7 b4 29. Ra7 bxa3 30. bxa3 Nc7 31. Bxc6 {[%emt 0:00:48] aiming for Bd7.} Bd6 32. Bxa4 {[%emt 0:02:51] This bishop pair is nice.} Nd5 (32... g6 $142 33. Bc2 gxf5 34. Bxf5 Ra8 35. Rxa8+ (35. Bxh7 Rxa7 36. Bxa7 Bxa3 $18) 35... Nxa8) 33. Rf7+ Kg8 34. Rd7 Nxe3 35. fxe3 Bxa3 {[%emt 0:00:05][%mdl 4096] Endgame KRB-KRB} 36. Bb3 Kf8 {[%emt 0:01:19] Against e7+} 37. Rf7+ Kg8 {[%emt 0:00:06] [#]} 38. e7 (38. Rc7 $142 $3 Rb8 (38... Re8 39. e7+) 39. e7+ Kh8 40. Rb7 $3 ) 38... Bxe7 39. Rxe7+ {[%emt 0:00:06] KRB-KR} Kh8 40. Bf7 {[%emt 0:00:32] White mates.} Rc1+ 41. Kf2 h5 42. h4 Rc8 43. Re8+ Rxe8 44. Bxe8 Kh7 45. Bxh5 {[%emt 0:00:06] KB-KPP} Kh6 46. Bg4 Kh7 47. Kf3 Kg8 48. Ke4 Kh8 49. Kd5 Kg8 50. Ke6 Kh7 51. Kf7 Kh8 52. Kg6 {[%emt 0:00:05] Weighted Error Value: White=0.32/Black=0.63} (52. e4 $142 Kh7 53. h5 Kh6 54. Kg8 Kg5 {[#]} 55. Kxg7 $1 Kf4 56. Kxf6 $1 Kxe4 57. h6) 1-0

[Event "Danish-ch Masters 2022"]
[Site "Svendborg"]
[Date "2022.04.12"]
[Round "4.4"]
[White "Percivaldi, Martin"]
[Black "Olsen, Filip Boe"]
[Result "1-0"]
[ECO "D37"]
[WhiteElo "2389"]
[BlackElo "2386"]
[Annotator "TA"]
[PlyCount "43"]
[EventDate "2022.04.10"]
[EventType "tourn"]
[EventCountry "DEN"]
[SourceTitle "playchess.com"]
[Source "ChessBase"]
[SourceQuality "1"]
[TimeControl "40/5400+30:1800+30"]

1. d4 Nf6 2. c4 e6 3. Nf3 d5 4. Nc3 dxc4 5. e4 b5 6. e5 {[%emt 0:00:36] D24: Queen's Gambit Accepted: 3 Nf3 Nf6 4 Nc3.} Nd5 7. Nxb5 Nb6 8. Be2 {[%emt 0:01:00] White is slightly better.} Nc6 9. O-O Be7 {[%emt 0:02:26] Prevents Bg5.} 10. Qd2 {[%emt 0:04:49] is now debated instead of 10.Be3.} O-O 11. Qf4 Nb4 12. Qg4 {[%emt 0:30:09] [#] And now Bh6 would win.} Kh8 $146 ({Predecessor:} 12... Re8 13. Rd1 Bb7 14. h4 Qd7 15. Nc3 Rad8 16. h5 f5 17. exf6 Bxf6 18. Bg5 Bxg5 19. Qxg5 Bxf3 20. Bxf3 {½-½ (64) Dreev,A (2649)-Grachev,B (2626) Moscow 2018}) 13. Rd1 Nd3 14. Bxd3 cxd3 15. a4 Ba6 16. Rxd3 {[%emt 0:04:59] aiming for Ng5.} f5 (16... c6 17. Qh5 $11) (16... Nxa4 $14 17. Rxa4 (17. Rb3 $2 Qd5 $19) 17... Bxb5) 17. exf6 $1 $16 {[%emt 0:01:52] &Bianco is much more active.} Rxf6 $2 {[%emt 0:01:12] [#] Loses the game.} (17... Bxf6 $16 18. Ng5 (18. Qxe6 Re8 $16) 18... Bxb5 19. axb5 Qd7) 18. Ne5 $18 {[%emt 0:02:10] Hoping for Rh3.} Qf8 (18... Bxb5 {was called for.} 19. axb5 Bd6) 19. Rh3 ({Not} 19. Bg5 Bxb5 20. axb5 Rf5 $18) 19... Kg8 $2 (19... Bd6 20. Nxd6 cxd6) 20. Nxc7 {[%emt 0:01:29] Pair of Knights! White is clearly winning.} Rc8 21. Nxa6 Rc2 22. Qe4 {[%emt 0:02:18][%csl LRc2,LRh7] Weighted Error Value: White=0.06 (flawless) /Black=0.33} 1-0

[Event "Danish-ch Masters 2022"]
[Site "Svendborg"]
[Date "2022.04.13"]
[Round "5.2"]
[White "Sylvan, Jacob"]
[Black "Haubro, Martin"]
[Result "0-1"]
[ECO "B24"]
[WhiteElo "2312"]
[BlackElo "2399"]
[Annotator "TA"]
[PlyCount "88"]
[EventDate "2022.04.10"]
[EventType "tourn"]
[EventCountry "DEN"]
[SourceTitle "playchess.com"]
[Source "ChessBase"]
[SourceQuality "1"]
[TimeControl "40/5400+30:1800+30"]

1. e4 c5 2. Nc3 Nc6 3. Nf3 e5 4. Bc4 d6 5. d3 Be7 6. O-O h6 {[%emt 0:02:49] Prevents Ng5. B30: Sicilian: 2...Nc6 3 Bb5, lines without ...g6.} 7. a3 Nf6 {[%emt 0:01:36] [#]} 8. Nd2 $146 ({Predecessor:} 8. Rb1 O-O 9. h3 Be6 10. b4 b6 11. Nd5 Nd4 12. Nxd4 cxd4 13. f4 Bxd5 14. exd5 {1-0 (51) Kovalev,V (2623)-Praggnanandhaa,R (2612) Chess.com INT 2022}) 8... Bg4 {[%emt 0:14:42] The position is equal.} 9. f3 Be6 10. Bd5 Qd7 11. Nc4 Nd4 12. Bxe6 fxe6 13. f4 exf4 (13... Nc6 $11 {keeps the balance.}) 14. e5 $1 $16 (14. Rxf4 O-O $15) 14... dxe5 15. Nxe5 Qc7 16. Ng6 Rg8 $1 17. Bxf4 Bd6 18. Bxd6 Qxd6 19. Ne4 Nxe4 20. dxe4 O-O-O 21. c3 Nc6 22. Qb3 (22. Qh5 $1 $16) 22... e5 (22... Rge8 $11 {is more appropriate.}) 23. Nh4 $14 ({But not} 23. Rf7 $2 Na5 24. Ne7+ Qxe7 $3 25. Rxe7 Nxb3 $19) 23... Rgf8 {[%emt 0:07:23] [#]} 24. Nf5 $1 Qd3 25. Rad1 c4 26. Rxd3 {[%emt 0:08:38] Intending Nd6+ and mate.} (26. Qa4 {with more complications.} Qe2 27. Rde1 Qxb2 28. Qxc4 Qb6+ 29. Kh1) 26... cxb3 27. Rd5 (27. Rfd1 {is more complex.} Na5 28. Rd5 Kc7 29. Nd6) 27... g6 28. Nd6+ ({Much worse is} 28. Nxh6 Rxf1+ 29. Kxf1 Rxd5 30. exd5 Na5 $17) 28... Kc7 {[%emt 0:00:41] ...Rxf1+ is the strong threat.} 29. Nc4 $2 (29. Nb5+ $16 {and life is bright.} Kb8 30. Rxf8 Rxf8 31. Nd6) 29... Rxf1+ $19 30. Kxf1 Rxd5 31. exd5 {[%emt 0:00:06][%mdl 4096] Endgame [#] KN-KN} b5 $1 32. Ne3 {[%emt 0:01:08] [#]} (32. Nd2 Na5) 32... Ne7 (32... Na5 $1 $19 33. Ke2 e4) 33. c4 $1 $11 {[%emt 0:01:39] aiming for c5.} Nf5 34. Nxf5 gxf5 {[%emt 0:00:04] KP-KP} 35. c5 (35. cxb5 $11 Kd6 36. Ke2) 35... h5 $19 36. g3 a5 {[%emt 0:00:05] Hoping for ...a4.} 37. Ke2 a4 {[%emt 0:00:16][%cal Ob5b4] Strongly threatening ...b4!} 38. Kd3 e4+ 39. Kd4 b4 40. d6+ Kd8 {[%emt 0:01:16] Black mates.} 41. axb4 a3 42. b5 axb2 43. b6 b1=Q 44. b7 Qd3+ {[%emt 0:00:05] Weighted Error Value: White=0.83/Black=0.17 (very precise)} 0-1

[Event "Danish-ch Masters 2022"]
[Site "Svendborg"]
[Date "2022.04.13"]
[Round "5.4"]
[White "Borge, Nikolaj"]
[Black "Percivaldi, Martin"]
[Result "0-1"]
[ECO "C50"]
[WhiteElo "2392"]
[BlackElo "2389"]
[Annotator "TA"]
[PlyCount "78"]
[EventDate "2022.04.10"]
[EventType "tourn"]
[EventCountry "DEN"]
[SourceTitle "playchess.com"]
[Source "ChessBase"]
[SourceQuality "1"]
[TimeControl "40/5400+30:1800+30"]

1. e4 e5 2. Nf3 Nc6 3. Bc4 Bc5 4. O-O Nf6 5. d3 O-O 6. c3 d5 7. exd5 Nxd5 8. b4 (8. Re1 $14 {is more appropriate.}) 8... Be7 $11 {[%emt 0:01:42] C54: Giuoco Piano: 4 c3 Nf6, main lines with 5 d4 and 5 d3.} 9. b5 Na5 10. Nxe5 Bf6 {[%emt 0:01:58] Black has an edge.} 11. f4 (11. Ng4 $11 {keeps the balance.}) 11... Bxe5 (11... Nxc3 $5 12. Nxc3 (12. Bxf7+ $2 Rxf7 13. Nxc3 Bxe5 $19) 12... Bxe5 13. fxe5 (13. Bxf7+ $2 Rxf7 14. fxe5 Qd4+ 15. Be3 Qxe3+ $19) 13... Qd4+ 14. Kh1 Nxc4 $15) 12. fxe5 {[%emt 0:01:15] [#]} Nxc3 $1 {[%emt 0:01:28][%mdl 64] Remove Defender, Decoy} 13. Nxc3 {[%emt 0:33:17] Ba3 is the strong threat.} ({Wrong is} 13. Bxf7+ $2 Rxf7 14. Nxc3 Qd4+ 15. Be3 Qxe3+ $19) 13... Qd4+ 14. Rf2 Nxc4 15. dxc4 Qxc3 16. Bb2 Qxc4 {[%emt 0:04:10] [#]} 17. Rc1 $146 (17. Qf3 $15) ({Predecessor:} 17. a4 Be6 18. Rc1 Rfd8 19. Qxd8+ Rxd8 20. Rxc4 Rd1+ 21. Rf1 Rxf1+ 22. Kxf1 Bxc4+ 23. Kf2 {½-½ (75) Kudrin,S (2502)-Priyadharshan,K (2484) Dayton 2016}) 17... Qxb5 $17 18. Rxc7 {[%emt 0:05:55] [#]} Be6 $1 19. Qf3 Qa5 20. Re7 (20. Rc1 $17 {is a better defense.}) 20... Qxa2 21. h3 Qd5 ({Don't go for} 21... Qb1+ $2 22. Kh2 $19) (21... b5 $19 {aiming for ...Qc4.} 22. Rc7 Qb1+ 23. Rc1 Qg6) 22. Qe3 (22. Qxd5 $17 Bxd5 23. Rd2) 22... a5 $19 23. Rd2 Qb5 24. Ba3 Qb1+ 25. Kh2 b5 26. Rb2 Qf1 27. Rf2 {[%emt 0:00:52] [#]} Qc4 {[%emt 0:01:09] White must now prevent ...b4.} 28. Bd6 Rfe8 29. Rc7 Qb3 30. Rc3 Qb1 31. Qf4 Rac8 32. Rg3 g6 ({Inferior is} 32... Rc1 33. Rxg7+ Kxg7 34. Qf6+ Kg8 35. Qg5+ Qg6 36. Qxc1 $11) 33. Rf1 Qc2 34. Qh6 (34. Ra3 {was necessary.}) 34... Rc3 35. Rxf7 $2 (35. Rxc3 Qxc3 36. Rc1) 35... Bxf7 {[%emt 0:00:30] Black is clearly winning.} 36. e6 Bxe6 {[%emt 0:02:51] ( -> ...Rxg3)} 37. Be5 {[%emt 0:00:54] [#]} Rc7 $1 38. h4 (38. Ba1 Qb1) 38... Bf5 39. Rc3 Qxc3 {[%emt 0:01:08] White did not feel at home in the position after the opening.  Weighted Error Value: White=0.64/Black=0.14 (very precise)} 0-1